 Dungeon Crawl Stone Soup version 0.21.1-1-g345015fe64 (webtiles) character file.

376 Naru the Chopper (level 6, -5/56 HPs)
             Began as a Hill Orc Fighter on June 21, 2018.
             Splashed by Ijyb's acid (12 damage)
             ... on level 4 of the Dungeon.
             The game lasted 00:05:46 (3535 turns).

Naru the Chopper (Hill Orc Fighter)                 Turns: 3535, Time: 00:05:47

Health: -5/56      AC:  7    Str: 19    XL:     6   Next: 73%
Magic:  0/6        EV:  3    Int: 10    God:
Gold:   176        SH:  9    Dex: 10    Spells: 5/5 levels left

rFire    x . .     SeeInvis .   a - +0 war axe
rCold    + . .     Gourm    .   c - +0 shield
rNeg     . . .     Faith    .   o - +0 plate armour
rPois    .         Spirit   +   (no helmet)
rElec    .         Reflect  .   (no cloak)
rCorr    .         Harm     .   (no gloves)
MR       .....                  (no boots)
Stlth    ..........             j - amulet of guardian spirit
HPRegen  0.18/turn              d - ring of ice
MPRegen  0.10/turn              (no ring)

@: corroded
A: no striking features
a: no special abilities


You were on level 4 of the Dungeon.
You were hungry.

You visited 1 branch of the dungeon, and saw 4 of its levels.

You collected 176 gold pieces.

Inventory:

Hand Weapons
 a - a +0 war axe (weapon)
Armour
 c - a +0 shield (worn)
 o - a +0 plate armour (worn)
Jewellery
 d - a ring of ice (left hand)
 j - an amulet of guardian spirit (around neck)
Scrolls
 e - 5 scrolls of identify
 g - 2 scrolls of teleportation
 h - a scroll of amnesia
 i - 2 scrolls of magic mapping
 m - a scroll of enchant armour {unknown}
Potions
 b - 2 potions of agility
 k - 2 potions of curing
 l - a potion of flight
Comestibles
 f - 7 rations


   Skills:
 * Level 5.1 Fighting
 * Level 6.7 Axes
 + Level 4.2 Armour
 + Level 0.6 Dodging
 + Level 0.1 Stealth
 + Level 4.0 Shields


You had 5 spell levels left.
You didn't know any spells.

Dungeon Overview and Level Annotations

Branches:
Dungeon (4/15)
 Temple: D:4-7

Altars:
Sif Muna
Xom

Annotations:
D:4 Ijyb


Message History

Ijyb is heavily wounded.
Ijyb zaps a wand.
The bolt of acid hits you! The acid corrodes you!
You are splashed with acid!
The acid burns!
* * * LOW HITPOINT WARNING * * *
Ijyb hits you but does no damage.
You closely miss Ijyb.
Ijyb is heavily wounded.
You block Ijyb's attack.
You hit Ijyb but do no damage.
Ijyb is heavily wounded.
You block Ijyb's attack.
You closely miss Ijyb.
Ijyb is heavily wounded.
Ijyb barely misses you.
Your plate armour prevents you from hitting Ijyb.
Ijyb is heavily wounded.
You hit the scorpion.
Ijyb zaps a wand.
The bolt of acid hits you!
* * * LOW HITPOINT WARNING * * *
The acid corrodes you!
You are splashed with acid!
The acid burns!
You die...

...### #.##...# **,,,*#.#*,* **,
...[.###.##.#.# *,,**.?*,,* **
......##.##.#.# ****#.#*,** *
....#.##.##.#.# *.%**,# *
......##.##.#.# *#.###.#*****
......##.##.#.# *..>...s,,,,,
......##.##.#.#######.......,,,**
......##.##.................,,,**
.......#.#......@g..).......,,,**
...........#.....s...#.#####*****
.........................# *
.........#.#####.#####.#.# *
......##...# #.#****.#.#*******
########.### #.#,,,,,#,.,,,,,,,
#..# #.#,,,,,,**#**,,,, ##.#
#..,,,,,,*****,,,, ###
###*,,,,,,,,,,,,,,


You could see Ijyb and a scorpion.

Vanquished Creatures
  Sigmund (D:2)
  An ogre (D:4)
  Terence (D:2)
  3 adders
  A worm (D:3)
  3 dart slugs
  A leopard gecko (D:3)
  3 orcs (D:3)
  3 giant cockroaches
  9 goblins
  3 hobgoblins
  4 jackals (D:2)
  2 ball pythons
  7 bats
  6 frilled lizards
  14 kobolds
  13 rats
75 creatures vanquished.

Notes
Turn   | Place    | Note
-------+----------+-------------------------------------------
     0 | D:1      | Naru the Hill Orc Fighter began the quest for the Orb.
     0 | D:1      | Reached XP level 1. HP: 19/19 MP: 1/1
   186 | D:1      | Reached XP level 2. HP: 24/27 MP: 2/2
   245 | D:1      | Reached skill level 3 in Axes
   753 | D:1      | Reached XP level 3. HP: 25/33 MP: 3/3
  1141 | D:2      | You fall through a shaft!
  1453 | D:3      | Reached skill level 4 in Axes
  1475 | D:3      | Reached XP level 4. HP: 34/40 MP: 4/4
  1842 | D:3      | Found a hazy altar of Hepliaklqana.
  1844 | D:3      | Found a shimmering altar of Xom.
  1844 | D:3      | Found a radiant altar of Vehumet.
  1849 | D:3      | Found a stormy altar of Qazlal.
  1849 | D:3      | Found a deep blue altar of Sif Muna.
  1849 | D:3      | Found a shimmering altar of Xom.
  2222 | D:2      | Noticed Terence
  2239 | D:2      | Killed Terence
  2327 | D:2      | Noticed Sigmund
  2334 | D:2      | Killed Sigmund
  2334 | D:2      | Reached skill level 5 in Fighting
  2334 | D:2      | Reached skill level 6 in Axes
  2334 | D:2      | Reached XP level 5. HP: 48/48 MP: 5/5
  2334 | D:2      | Reached XP level 6. HP: 56/56 MP: 6/6
  3176 | D:4      | HP: 1/56 [ogre/giant club (6)]
  3518 | D:4      | Noticed Ijyb
  3535 | D:4      | Splashed by Ijyb's acid

Skill      XL: |  1  2  3  4  5  6 |
---------------+-------------------+-----
Axes           | 3 4 6 |  6.7
Fighting       | 4 5 |  5.1
Armour         | 4 |  4.2
Shields        | 4 |  4.0
Dodging        | |  0.6
Stealth        | |  0.1

Action                   |  1- 3 |  4- 6 || total
-------------------------+-------+-------++-------
Melee: War axe           |   168 |   141 ||   309
  Use: Potion            |       |     1 ||     1
       Scroll            |       |    10 ||    10
  Eat: Chunk             |     2 |     3 ||     5
       Ration            |       |     1 ||     1
Armor: Scale mail        |    68 |       ||    68
       Plate armour      |       |    79 ||    79
Dodge: Dodged            |    55 |    23 ||    78
Block: Shield            |    82 |    59 ||   141
